 Dungeon Crawl Stone Soup version 0.23-a0-473-gc8aadda (webtiles) character file.

63 theanonym the Skirmisher (level 3, -1/29 HPs)
             Began as a Mummy Warper on Nov 28, 2018.
             Slain by a gnoll
             ... wielding a +0 halberd
              (2 damage)
             ... on level 2 of the Dungeon.
             The game lasted 00:03:47 (2349 turns).

theanonym the Skirmisher (Mummy Warper)             Turns: 2349, Time: 00:03:48

Health: -1/29      AC: 10    Str: 15    XL:     3   Next: 89%
Magic:  7/7        EV:  4    Int: 12    God:
Gold:   107        SH:  0    Dex: 11    Spells: 7/7 levels left

rFire    x . .     SeeInvis .   a - +0 short sword
rCold    + . .     Gourm    .   (no shield)
rNeg     + + +     Faith    .   d - +0 plate armour
rPois    ∞         Spirit   .   (no helmet)
rElec    .         Reflect  .   (no cloak)
rCorr    .         Harm     .   (no gloves)
MR       .....                  (no boots)
Stlth    ..........             (no amulet)
HPRegen  0.09/turn              (no ring)
MPRegen  0.10/turn              (no ring)

@: no status effects
A: no food or potions, fire vulnerability, cold resistance 1, negative energy
resistance 3, torment resistance, unbreathing
a: no special abilities


Innate Abilities, Weirdness & Mutations

You do not eat or drink.
Your flesh is vulnerable to fire.
You are immune to poison.
Your flesh is cold resistant. (rC+)
You are immune to negative energy. (rN+++)
You are immune to unholy pain and torment.
You can survive without breathing.


   Skills:
 + Level 3.2 Fighting
 + Level 2.7 Short Blades
 - Level 0.7 Throwing
 - Level 0.7 Armour
 - Level 1.5 Dodging
 - Level 2.6 Spellcasting
   Level 2.4 Translocations


You had 7 spell levels left.
You didn't know any spells.
Your spell library contained the following spells:

 Spells                   Type           Power        Failure   Level  Hunger
 Blink                    Tloc           N/A          100%        2    N/A
 Shroud of Golubria       Chrm/Tloc      #.........   100%        2    N/A
 Gell's Gravitas          Tloc           #.........   100%        3    N/A
 Lesser Beckoning         Tloc           #.........   100%        3    N/A
 Teleport Other           Tloc           #.......     100%        3    N/A
 Passage of Golubria      Tloc           N/A          100%        4    N/A

Skill      XL: |  1  2  3 |
---------------+----------+-----
Short Blades   | 2 |  2.7
Fighting       | 3 |  3.2
Throwing       | |  0.7
Armour         | |  0.7
Dodging        | |  1.5
Spellcasting   | |  2.6
Translocations | |  2.4

Action                   || total
-------------------------++-------
Melee: Short sword       ||   180
Throw: Tomahawk          ||     5
  Use: Scroll            ||     1
Armor: Leather armour    ||    28
       Plate armour      ||    75
Dodge: Dodged            ||    63

Inventory:

Hand Weapons
 a - a +0 short sword (weapon)
Armour
 b - a +0 leather armour
 d - a +0 plate armour (worn)
   (You found it on level 1 of the Dungeon)
Scrolls
 c - 6 scrolls of identify {unknown}
 f - a scroll of fog {unknown}
 g - a scroll of enchant weapon {unknown}
 h - a scroll of fear {unknown}
 i - a scroll of teleportation {unknown}
 B - a scroll of blinking


You were on level 2 of the Dungeon.
You were not hungry.

You visited 1 branch of the dungeon, and saw 2 of its levels.

You collected 107 gold pieces.

Dungeon Overview and Level Annotations

Branches:
Dungeon (2/15)

Altars:

Annotations:
D:1 exclusion: gnoll

#...........#.
#............#
#...........#
####
#..........##
....
#...........#
w...
#...........#
.###
#..<.lg...#
#####l#.#.#
#@# #.# #..
####


You could see a gnoll and 2 frilled lizards.

Notes
Turn   | Place    | Note
-------+----------+-------------------------------------------
     0 | D:1      | theanonym the Mummy Warper began the quest for the Orb.
     0 | D:1      | Reached XP level 1. HP: 16/16 MP: 4/4
   175 | D:1      | HP: 8/16 [kobold/+0 whip (5)]
   357 | D:1      | Reached skill level 2 in Short Blades
   357 | D:1      | Reached XP level 2. HP: 23/23 MP: 5/5
  1234 | D:2      | Reached XP level 3. HP: 25/28 MP: 7/7
  1327 | D:2      | HP: 12/28 [orc priest/divine providence (14)]
  1329 | D:2      | HP: 3/28 [orc priest/divine providence (10)]
  1676 | D:2      | Reached skill level 3 in Fighting
  1888 | D:1      | HP: 10/29 [gnoll/+0 flail (8)]
  1902 | D:1      | HP: 2/29 [gnoll/+0 flail (7)]
  1926 | D:1      | HP: 3/29 [gnoll/+0 flail (1)]
  1927 | D:1      | HP: 1/29 [gnoll/+0 flail (2)]
  2255 | D:1      | HP: 13/29 [gnoll/cursed +0 halberd (4)]
  2305 | D:1      | HP: 9/29 [gnoll/cursed +0 halberd (8)]
  2328 | D:2      | HP: 8/29 [adder (3)]
  2333 | D:2      | HP: 4/29 [adder (1)]
  2344 | D:2      | HP: 1/29 [frilled lizard (2)]
  2349 | D:2      | Slain by a gnoll

Vanquished Creatures
  A gnoll (D:1)
  2 adders (D:2)
  3 orcs (D:2)
  7 bats
  3 giant cockroaches
  3 hobgoblins
  4 kobolds
  A quokka (D:2)
  A ball python (D:2)
  2 frilled lizards (D:1)
  7 rats
34 creatures vanquished.

Table legend:
 A = Turns spent in this place as a percentage of turns spent in the entire game.
 B = Non-inter-level travel turns spent in this place as a percentage of non-inter-level travel turns spent in the entire game.
 C = Inter-level travel turns spent in this place as a percentage of turns spent in this place.
 D = Turns resting spent in this place as a percentage of non-inter-level travel turns spent in this place.
 E = Turns spent auto-exploring this place as a percentage of non-inter-level travel turns spent in this place.
 F = Non-inter-level travel turns spent in this place divided by the number of levels of this place that you've seen.
                   A       B       C       D       E      F
               +-------+-------+-------+-------+-------+----------------------
         Total | 100.0 | 100.0 |   2.6 |  37.5 |  43.5 | 1144.5
       Dungeon | 100.0 | 100.0 |   2.6 |  37.5 |  43.5 | 1144.5
               +-------+-------+-------+-------+-------+----------------------
